 Dungeon Crawl Stone Soup version 0.27-a0-1202-ge72e49191c (webtiles) character file.

Game seed: 9040127542145421376

8934 streetpizza the Destroyer (level 11, -2/97 HPs)
             Began as a White Draconian Conjurer on June 2, 2021.
             Was a Priest of Vehumet.
             Slain by a quicksilver dragon (shapeshifter) (13 damage)
             ... on level 9 of the Dungeon.
             The game lasted 00:53:15 (13414 turns).

streetpizza the Destroyer (DrCj)                   Turns: 13414, Time: 00:53:16

Health: -2/97      AC: 10    Str: 10    XL:     11   Next: 16%
Magic:  17/23      EV: 17    Int: 21    God:    Vehumet [***...]
Gold:   619        SH:  5    Dex: 10    Spells: 19/26 levels left

rFire    . . .     SeeInvis .   K - +4 quarterstaff (chaos)
rCold    + . .     Faith    .   (shield currently unavailable)
rNeg     . . .     Spirit   .   (armour unavailable)
rPois    +         Reflect  +   (helmet restricted)
rElec    .         Harm     .   L - +0 cloak
rCorr    .         Rampage  .   O - +0 pair of gloves
Will     .....                  r - +0 pair of boots
Stlth    ++........             e - amulet of reflection
HPRegen  0.26/turn              c - ring of poison resistance
MPRegen  0.18/turn              M - +4 ring of evasion

@: short of breath
A: breathe frost, AC +7, unfitting armour, cold resistance 1, cold-blooded
a: Breathe Frost, Renounce Religion


You were on level 9 of the Dungeon.
You worshipped Vehumet.
Vehumet was most pleased with you.
You visited 2 branches of the dungeon, and saw 11 of its levels.
You also visited: Sewer.

You collected 619 gold pieces.

Inventory:

Hand Weapons
 f - a +2 dagger of draining
 p - a +2 dagger of electrocution
 K - a +4 quarterstaff of chaos (weapon)
Missiles
 d - 341 stones
 m - 31 poisoned darts
 u - 3 throwing nets
 Q - a curare-tipped dart
Armour
 r - a +0 pair of boots (worn)
 L - a +0 cloak (worn)
 O - a +0 pair of gloves (worn)
Jewellery
 c - a ring of poison resistance (left hand)
 e - an amulet of reflection (around neck)
 x - an amulet of the acrobat
 y - a ring of fire
 M - a +4 ring of evasion (right hand)
Wands
 I - a wand of iceblast (6)
 J - a wand of polymorph (1)
 P - a wand of paralysis (5)
 S - a wand of charming (15)
Scrolls
 a - 4 scrolls of fear {unknown}
 g - a scroll of torment {unknown}
 h - 7 scrolls of teleportation
 i - a scroll of vulnerability {unknown}
 k - a scroll of brand weapon {unknown}
 l - 2 scrolls of holy word {unknown}
 n - 6 scrolls of identify
 q - 2 scrolls of fog {unknown}
 t - 2 scrolls of blinking {unknown}
 w - a scroll of silence {unknown}
 A - 3 scrolls of enchant weapon {unknown}
 C - 2 scrolls of immolation {unknown}
 E - a scroll of enchant armour {unknown}
 H - a scroll of magic mapping {unknown}
 N - a scroll of acquirement {unknown}
 R - 2 scrolls of noise {unknown}
Potions
 b - 5 potions of heal wounds
 j - a potion of attraction {unknown}
 o - 2 potions of lignification {unknown}
 s - a potion of haste {unknown}
 v - 2 potions of invisibility {unknown}
 z - 2 potions of curing {unknown}
 B - a potion of brilliance {unknown}
 D - a potion of ambrosia {unknown}
 F - a potion of flight {unknown}
 G - a potion of might {unknown}


   Skills:
 + Level 9.4 Fighting
 - Level 6.5 Dodging
 - Level 1.7 Stealth
 + Level 8.3 Spellcasting
 + Level 9.7 Conjurations
 + Level 5.3 Earth Magic


You had 19 spell levels left.
You knew the following spells:

 Your Spells              Type           Power      Damage    Failure   Level
a - Magic Dart            Conj           100%       1d8       1%          1
b - Searing Ray           Conj           98%        3d7       1%          2
c - Iskenderun's Mystic   Conj/Tloc      29%        2d7       3%          4

Your spell library contained the following spells:

 Spells                   Type           Power      Damage    Failure   Level
 Inner Flame              Hex/Fire       8%         N/A       6%          3
 Shock                    Conj/Air       100%       1d9       1%          1
 Static Discharge         Conj/Air       29%        N/A       1%          2
 Dazzling Flash           Conj/Hex       58%        N/A       1%          3
 Fulminant Prism          Conj/Hex       14%        3d9       3%          4
 Animate Skeleton         Necr           16%        N/A       8%          1
 Apportation              Tloc           16%        N/A       8%          1
 Corona                   Hex            8%         N/A       8%          1
 Pain                     Necr           32%        1d5       8%          1
 Summon Small Mammal      Summ           32%        N/A       8%          1
 Lightning Bolt           Conj/Air       14%        1d28      8%          5
 Ensorcelled Hibernation  Hex/Ice        16%        N/A       12%         2
 Airstrike                Air            4%         N/A       19%         4
 Confusing Touch          Hex            8%         N/A       22%         3
 Swiftness                Air            8%         N/A       22%         3
 Tukima's Dance           Hex            8%         N/A       22%         3
 Vampiric Draining        Necr           4%         2d6       22%         3
 Animate Dead             Necr           4%         N/A       58%         4
 Agony                    Necr           8%         N/A       91%         5


Dungeon Overview and Level Annotations

Branches:
Dungeon (10/15)            Temple (1/1) D:4            Lair (0/6) D:8
  Sewer (visited)
    Orc: D:9-12

Altars:
Ashenzari
Cheibriados
Dithmenos
Elyvilon
Fedhas
Gozag
Hepliaklqana
Kikubaaqudgha
Makhleb
Okawaru
Qazlal
Ru
Sif Muna
Trog
Uskayaw
Vehumet
Wu Jian
Xom
Yredelemnul
Zin
The Shining One

Shops:
D:3 *

Annotations:
D:8 Psyche


Innate Abilities, Weirdness & Mutations

You can breathe waves of freezing cold which knock back foes.
Your icy white scales are hard. (AC +7)
You cannot fit into any form of body armour.
Your flesh is cold resistant. (rC+)
You are cold-blooded and may be slowed by cold attacks.


Message History

The quicksilver dragon breathes dispelling energy at you.
The bolt of dispelling energy hits you!!!
You feel strangely stable.
Okay, then.
As you read the scroll of teleportation, it crumbles to dust.
You feel strangely unstable.
The quicksilver dragon breathes dispelling energy at you.
The bolt of dispelling energy misses you.
The quicksilver dragon breathes dispelling energy at you.
The bolt of dispelling energy hits you!!!
You feel strangely stable.
* * * LOW HITPOINT WARNING * * *
It was a potion of heal wounds.
You feel much better.
You block the quicksilver dragon's attack.
The quicksilver dragon claws you!
Press: ? - help, Shift-Dir - straight line, f - quicksilver dragon
Aim: a quicksilver dragon You exhale a wave of freezing cold.
The freezing breath hits the quicksilver dragon!
The quicksilver dragon is lightly wounded.
The quicksilver dragon is blown backwards by the freezing wind.
Casting: Iskenderun's Mystic Blast (dangerous; 3% risk of failure)
Confirm with . or Enter, or press ? or * to list all spells.
You erupt in a blast of force!
The mystic blast hits the quicksilver dragon.
The quicksilver dragon is lightly wounded.
The quicksilver dragon is knocked back by the mystic blast.
Casting: Iskenderun's Mystic Blast (dangerous; 3% risk of failure)
Confirm with . or Enter, or press ? or * to list all spells.
Aiming: Searing Ray (safe; 1% risk of failure)
Press: ? - help, Shift-Dir - straight line, f/p - quicksilver dragon
Aim: a quicksilver dragon (lightly wounded, 72% to hit)
The searing ray misses the quicksilver dragon. (Press . to maintain the ray.)
The quicksilver dragon bites you!
* * * LOW HITPOINT WARNING * * *
The quicksilver dragon claws you!
* * * LOW HITPOINT WARNING * * *
The quicksilver dragon bites you!
You die...

..........#####...........#...#
#########.#...............#...# #
#.#..........[....#...# #
#.#...............#...### #
#.#...............#......
#########D#...............#......
..........#....##(#########......
..........######.................
...)...........D@................
.#####...........................
.# #...#######.................
.# #...# #................. .#
#...# ####.....#######.. ## #...#
#.....# #.. ##### #.)...# #..
####### ###


You could see a quicksilver dragon.

Vanquished Creatures
  A centaur warrior (D:9)
  A two-headed ogre (D:9)
  Pikel (D:6)
  2 deep elf pyromancers (D:9)
  A cyclops (D:9)
  An ugly thing (D:9)
  Joseph (D:8)
  Maggie (D:7)
  A gargoyle (D:9)
  A troll (D:9)
  A slime creature (D:9)
  Sigmund (D:4)
  A centaur simulacrum (D:10)
  A wyvern (D:7)
  A wraith (D:9)
  A vampire mosquito (D:8)
  A steam dragon (D:6)
  3 water moccasins
  2 orc warriors
  2 ice beasts (D:7)
  2 sky beasts
  A necrophage (D:6)
  2 ogres (D:7)
  3 centaurs
  2 wolves (D:10)
  A phantom (D:6)
  A lemure (D:6)
  A kobold brigand (D:8)
  A bullfrog (D:8)
  A gnoll sergeant (D:9)
  A water moccasin zombie (D:5)
  9 killer bees (D:8)
  4 howler monkeys
  2 bullfrog zombies
  A jelly (D:6)
  Crazy Yiuf (D:7)
  3 hounds
  An orc priest (D:9)
  A bullfrog skeleton (D:7)
  5 iguanas
  4 orc wizards
  A killer bee zombie (D:9)
  A hound skeleton (D:5)
  12 gnolls
  12 adders
  6 river rats (Sewer)
  4 white imps
  A worm (D:2)
  A dart slug (D:3)
  27 orcs
  11 ball pythons
  8 endoplasms
  3 giant cockroaches
  3 goblins
  7 hobgoblins
  9 jackals
  5 quokkas
  3 bats
  6 frilled lizards
  14 kobolds
  16 rats
222 creatures vanquished.

Vanquished Creatures (others)
  A centaur zombie (D:6)
1 creature vanquished.

Grand Total: 223 creatures vanquished

Notes
Turn   | Place    | Note
-------+----------+-------------------------------------------
     0 | D:1      | streetpizza the Draconian Conjurer began the quest for the
                  | Orb.
     0 | D:1      | Reached XP level 1. HP: 14/14 MP: 3/3
   353 | D:1      | Reached XP level 2. HP: 22/22 MP: 3/5
   356 | D:1      | Learned a level 2 spell: Searing Ray
   566 | D:1      | Reached skill level 1 in Fighting
  1124 | D:2      | Reached XP level 3. HP: 28/28 MP: 1/6
  1742 | D:2      | Found a faded altar of an unknown god.
  1916 | D:2      | Reached XP level 4. HP: 36/36 MP: 3/7
  2443 | D:3      | Reached XP level 5. HP: 41/41 MP: 9/9
  2922 | D:3      | Found Cocsuip's General Store.
  3398 | D:4      | Found a glowing drain.
  3402 | Sewer    | Entered a sewer
  3462 | Sewer    | Reached skill level 5 in Conjurations
  3478 | Sewer    | Reached XP level 6. HP: 48/50 MP: 6/11
  3846 | D:4      | Identified the +2 robe of the Dwarven Hall {rF++ rN++ MP-9}
  4100 | D:4      | Noticed Sigmund
  4110 | D:4      | Killed Sigmund
  4111 | D:4      | Your scales start taking on an icy white colour.
  4111 | D:4      | Reached XP level 7. HP: 45/58 MP: 4/12
  4111 | D:4      | Gained mutation: Your flesh is cold resistant. (rC+) [White
                  | Draconian growth]
  4435 | D:4      | Found a staircase to the Ecumenical Temple.
  4449 | Temple   | Entered the Ecumenical Temple
  4453 | Temple   | Became a worshipper of Vehumet
  4773 | D:5      | Entered Level 5 of the Dungeon
  4843 | D:5      | Identified the +0 leather armour "Kaurylez" {Int+6 Slay-6}
  6464 | D:6      | Reached * piety under Vehumet
  6464 | D:6      | Offered knowledge of Foxfire by Vehumet.
  6609 | D:6      | Reached XP level 8. HP: 67/67 MP: 9/14
  6646 | D:6      | Noticed Pikel
  6660 | D:6      | Killed Pikel
  6661 | D:6      | Reached skill level 5 in Fighting
  6661 | D:6      | Reached skill level 5 in Dodging
  6661 | D:6      | Reached skill level 5 in Spellcasting
  6814 | D:6      | Found a hide-covered altar of Uskayaw.
  7523 | D:6      | Reached XP level 9. HP: 46/75 MP: 12/17
  7965 | D:7      | Found a bloodstained altar of Trog.
  7971 | D:7      | Noticed Maggie
  7991 | D:7      | Found an opulent altar of Gozag.
  8031 | D:7      | Found a glowing silver altar of Zin.
  8044 | D:7      | Killed Maggie
  8044 | D:7      | Reached ** piety under Vehumet
  8218 | D:7      | Found an iron altar of Okawaru.
  8307 | D:7      | Offered knowledge of Freeze by Vehumet.
  8859 | D:7      | Found a runed translucent door.
  8860 | D:7      | Noticed Crazy Yiuf
  8868 | D:7      | Learned a level 4 spell: Iskenderun's Mystic Blast
  8909 | D:7      | Killed Crazy Yiuf
  9021 | D:8      | Reached skill level 1 in Earth Magic
  9512 | D:8      | Noticed Psyche
  9921 | D:8      | Reached XP level 10. HP: 78/88 MP: 12/20
  9989 | D:8      | Noticed Joseph
 10005 | D:8      | Killed Joseph
 10390 | D:8      | Found a staircase to the Lair.
 10642 | D:9      | Noticed a gargoyle
 10715 | D:9      | Noticed a deep elf pyromancer
 11036 | D:9      | Noticed a cyclops
 11037 | D:9      | Noticed a centaur warrior
 11149 | D:9      | Killed a gargoyle
 11419 | D:9      | Killed a centaur warrior
 11437 | D:9      | Noticed a deep elf pyromancer
 11643 | D:9      | Killed a deep elf pyromancer
 11726 | D:9      | Noticed a two-headed ogre
 11735 | D:9      | Killed a two-headed ogre
 11778 | D:9      | Noticed a red ugly thing
 11789 | D:9      | Killed a red ugly thing
 12234 | D:9      | Killed a cyclops
 12234 | D:9      | Offered knowledge of Inner Flame by Vehumet.
 12568 | D:9      | Reached XP level 11. HP: 51/97 MP: 23/23
 12767 | D:9      | Killed a deep elf pyromancer
 12768 | D:9      | Reached skill level 5 in Earth Magic
 13060 | D:10     | Entered Level 10 of the Dungeon
 13138 | D:9      | Noticed an iron troll
 13143 | D:9      | Reached *** piety under Vehumet
 13386 | D:9      | Noticed a quicksilver dragon
 13414 | D:9      | Slain by a quicksilver dragon (shapeshifter)

Illustrated notes

Levels and vault maps discovered:
D:1:      scummos_arrival_simple_fountains, layout_loops_cross
D:2:      layout_basic, chequers_ecumenical_altar_twisty, minmay_crystal_room,
          minmay_randomly_rotated_circles
D:3:      layout_loops_cross, serial_shops,
          nicolae_shop_temple_entry_statues_fountains, minmay_misc_feat_chi
D:4:      layout_basic, minmay_temple_entry_offerings, gup_sewer_entry_bowl,
          uniq_sigmund
D:5:      layout_layer_cave
D:6:      minmay_diamond_boxcup, layout_loops_cross, nicolae_uskayaw_dance_hall,
          uniq_pikel
D:7:      minmay_spotlight, layout_loops_ring, grunt_temple_overflow_open,
          palyth_stone_intersect, grunt_ogre_cave, uniq_crazy_yiuf_cottage,
          uniq_maggie
D:8:      layout_gridville, lair_entry_dummy, uniq_joseph, uniq_psyche
D:9:      layout_irregular_city, minivault_28
D:10:     layout_rooms, overflow_temple_1_default, orc_0_dummy, serial_ice,
          serial_ice_c, serial_ice_j, serial_ice_g, serial_ice_o, serial_ice_d,
          serial_ice_n, uniq_erica
Temple:   compressed_dpeg_circular_temple

Skill      XL: |  1  2  3  4  5  6  7  8  9 10 11 |
---------------+----------------------------------+-----
Dodging        | 2 3 4 5 6 |  6.5
Fighting       | 1 2 3 4 6 7 9 |  9.4
Spellcasting   | 3 4 5 6 8 |  8.3
Conjurations   | 5 6 7 8 9 |  9.7
Earth Magic    | 2 4 5 |  5.3
Stealth        | |  1.7

Action                   |  1- 3 |  4- 6 |  7- 9 | 10-12 || total
-------------------------+-------+-------+-------+-------++-------
Melee: Short sword       |    11 |       |       |       ||    11
       Dagger            |    55 |   151 |    98 |       ||   304
       Tailslap          |     5 |     7 |     7 |     3 ||    22
       Quarterstaff      |       |       |    15 |    39 ||    54
Throw: Dart              |       |       |     2 |     1 ||     3
 Cast: Magic Dart        |    17 |       |     3 |       ||    20
       Searing Ray       |     7 |     8 |    35 |    30 ||    80
       Iskenderun's Myst |       |       |     7 |    13 ||    20
 Abil: Breathe Frost     |       |       |    10 |    12 ||    22
  Use: Scroll            |       |       |       |     4 ||     4
       Potion            |       |       |       |     1 ||     1
 Stab: Sleeping          |     1 |     9 |     2 |       ||    12
Armor: Skin              |    21 |    40 |    44 |    43 ||   148
Dodge: Dodged            |    35 |    58 |    87 |    83 ||   263
Block: Other             |    10 |    22 |    42 |    31 ||   105
       Reflection        |       |     1 |     2 |     4 ||     7

Table legend: (Time is in decaauts)
 A = Elapsed time spent in this place.
 B = Non-inter-level travel time spent in this place.
 C = Inter-level travel time spent in this place.
 D = Time resting spent in this place.
 E = Time spent auto-exploring this place.
 F = Levels seen in this place.
 G = Mean time per level.
                   A        B        C        D        E       F      G
               +--------+--------+--------+--------+--------+-----+--------+
         Total |  13472 |  13129 |    343 |   1210 |   9788 |  12 | 1122.7 |
       Dungeon |  12922 |  12613 |    309 |   1210 |   9500 |  10 | 1292.2 |
        Temple |    109 |     75 |     34 |      0 |     70 |   1 |  109.0 |
         Sewer |    440 |    440 |      0 |      0 |    218 |   1 |  440.0 |
               +--------+--------+--------+--------+--------+-----+--------+

Top non-repeatable levels by time:
     D:9: 2217 daAuts
     D:8: 1960 daAuts
     D:6: 1575 daAuts
     D:7: 1498 daAuts
     D:2: 1372 daAuts
     D:5: 1352 daAuts
     D:4: 1014 daAuts
     D:1: 1012 daAuts
     D:3: 867 daAuts
   Sewer: 440 daAuts
  Temple: 109 daAuts
    D:10: 49 daAuts
